 Dungeon Crawl Stone Soup version 0.30-b1-2-g02819fbbbe (webtiles) character file.

Game seed: 265454743331810368

2188 keeper01 the Grappler (level 9, -2/84 HPs)
             Began as a Troll Fighter on July 4, 2023.
             Slain by septik's ghost (12 damage)
             ... on level 6 of the Dungeon on July 5, 2023.
             The game lasted 00:36:19 (4783 turns).

keeper01 the Grappler (Troll Fighter)               Turns: 4783, Time: 00:36:20

Health: -2/84      AC:  9    Str: 34    XL:     9   Next: 12%
Magic:  8/8        EV: 10    Int:  3    God:
Gold:   208        SH:  8    Dex:  8    Spells: 8/8 levels left

rFire   . .          .
                       - Unarmed
rCold   . . .        b - +0 kite shield
rNeg    . . .        a - +0 robe
rPois   .            (helmet restricted)
rElec   .            g - +0 cloak
rCorr   .            (gloves unavailable)
SInv    .            (boots unavailable)
Will    +....        (no amulet)
Stlth   ++           o - +4 ring of protection
HPRegen 1.14/turn    m - ring of willpower
MPRegen 0.11/turn

%: no passive effects
@: no status effects
A: large, unfitting armour, claws 3, regeneration 1, shaggy fur 1, tough skin 1,
hooves 1, strong 1
a: no special abilities


You were on level 6 of the Dungeon.
You visited 1 branch of the dungeon, and saw 6 of its levels.

You collected 208 gold pieces.

Inventory:

Missiles
 d - 22 stones (quivered)
Armour
 a - a +0 robe (worn)
 b - a +0 kite shield (worn)
 g - a +0 cloak (worn)
 n - a +0 leather armour
 p - a +0 chain mail
 q - a +0 helmet
Jewellery
 m - a ring of willpower (right claw)
 o - a +4 ring of protection (left claw)
Scrolls
 c - a scroll of amnesia {unknown}
 e - a scroll of silence {unknown}
 f - 2 scrolls of teleportation
 j - a scroll of butterflies
 k - a scroll of enchant weapon
 l - a scroll of magic mapping
 t - a scroll of blinking
 u - a scroll of noise {unknown}
Potions
 h - 3 potions of flight
 i - a potion of degeneration
 s - 2 potions of heal wounds {unknown}
 v - 3 potions of curing
 w - a potion of mutation


   Skills:
 + Level 3.7 Fighting
 + Level 5.5 Dodging
 + Level 1.9 Stealth
 + Level 5.2 Shields
 + Level 8.1 Unarmed Combat


You had 8 spell levels left.
You didn't know any spells.
Your spell library contained the following spells:

 Spells                   Type           Power      Damage    Failure   Level
 Ensorcelled Hibernation  Hex/Ice        0%         N/A       83%         2
 Poisonous Vapours        Pois/Air       0%         N/A       83%         2
 Gell's Gravitas          Tloc           0%         N/A       97%         3
 Mephitic Cloud           Conj/Pois/Air  0%         N/A       97%         3
 Spider Form              Tmut/Pois      0%         N/A       97%         3
 Teleport Other           Tloc           0%         N/A       97%         3
 Anguish                  Hex/Necr       0%         N/A       100%        4
 Freezing Cloud           Conj/Ice/Air   0%         6-21      100%        5
 Dispersal                Tloc           0%         N/A       100%        6


Dungeon Overview and Level Annotations

Branches:
Dungeon (6/15)             Temple (0/1) D:5

Altars:
Elyvilon
Zin
The Shining One

Shops:
D:2 ??

Annotations:
D:5 1 runed translucent door, diceflayer's ghost, amateur DsHu
D:6 1 transporter, septik's ghost, novice MiBe


Innate Abilities, Weirdness & Mutations

You are too large for most types of armour.
You have claws for hands.
Your natural rate of healing is unusually fast.
You are covered in fur. (AC +1)
You have tough skin. (AC +1)
You have large cloven feet.
Your muscles are strong. (Str +4, Int/Dex -1)


Message History

Septik's ghost burns you.
* * * LOW HITPOINT WARNING * * *
You feel better. Septik's ghost hits you!
* * * LOW HITPOINT WARNING * * *
Septik's ghost burns you.
* * * LOW HITPOINT WARNING * * *
You closely miss septik's ghost. You kick septik's ghost.
Septik's ghost is heavily damaged.
Septik's ghost hits you but does no damage.
You mangle septik's ghost!!
You kick septik's ghost, but do no damage.
Septik's ghost is almost destroyed.
You block septik's ghost's attack.
You closely miss septik's ghost. Your kick misses septik's ghost.
Septik's ghost is severely damaged.
Septik's ghost hits you but does no damage.
You barely miss septik's ghost.
You kick septik's ghost, but do no damage.
Septik's ghost is severely damaged.
Septik's ghost barely misses you.
You barely miss septik's ghost.
Septik's ghost is severely damaged.
Septik's ghost hits you but does no damage.
You barely miss septik's ghost.
Septik's ghost is severely damaged.
Septik's ghost closely misses you.
You closely miss septik's ghost. Your kick misses septik's ghost.
Septik's ghost is severely damaged.
You block septik's ghost's attack.
You barely miss septik's ghost.
You kick septik's ghost, but do no damage.
Septik's ghost is severely damaged.
Septik's ghost hits you!
* * * LOW HITPOINT WARNING * * *
Septik's ghost burns you.
* * * LOW HITPOINT WARNING * * *
You closely miss septik's ghost.
Septik's ghost is severely damaged.
Septik's ghost hits you!
You die...

#..# ##### #..#
#..########.#
#..#...?..#.# #######
#..#..##..#.# ......#
#..#.#..#.#.# #.###.#
#..#.#..#.#.#
#.###.#####.©#(.##..#.#
#............#?.@W$©#.#
#.###.##.##.©#..##..#.#
#.# #.##.##..#.#..#.#.#
..# #.##.....#.#..#.#.#
### #.##.##..#..##..#.#
#.##.##..#.....©#.#
#........########.#
#####.........# #.#
..............# #.#


You could see septik's ghost.

Vanquished Creatures
  Sigmund (D:6)
  A water moccasin (D:6)
  An orc warrior (D:6)
  2 ice beasts
  A black bear (D:4)
  3 ogres
  2 bullfrogs (D:6)
  3 scorpions
  2 howler monkeys
  2 jellies (D:6)
  7 orc priests
  Crazy Yiuf (D:6)
  5 hounds
  3 iguanas
  Natasha (thrice) (D:3)
  3 orc wizards
  8 gnolls (D:4)
  10 adders
  A white imp (D:5)
  2 worms (D:2)
  2 dart slugs
  13 orcs
  5 endoplasms
  A giant cockroach (D:1)
  8 goblins
  5 hobgoblins
  4 quokkas
  6 ball pythons
  3 bats
  8 kobolds
  A rat (D:2)
117 creatures vanquished.

Vanquished Creatures (others)
  2 withered plants (D:5)
2 creatures vanquished.

Grand Total: 119 creatures vanquished

Notes
Turn   | Place    | Note
-------+----------+-------------------------------------------
     0 | D:1      | keeper01 the Troll Fighter began the quest for the Orb.
     0 | D:1      | Reached XP level 1. HP: 22/22 MP: 0/0
    99 | D:1      | Reached XP level 2. HP: 29/29 MP: 1/1
   121 | D:1      | Gained mutation: You have large cloven feet. [potion of
                  | mutation]
   121 | D:1      | Gained mutation: Your muscles are strong. (Str +4, Int/Dex
                  | -1) [potion of mutation]
   680 | D:2      | Reached XP level 3. HP: 33/36 MP: 2/2
   843 | D:2      | Found Koiram's Magic Scroll Shop.
  1082 | D:2      | Found Linol's Magic Scroll Shoppe.
  2292 | D:3      | Noticed Natasha
  2297 | D:3      | Killed Natasha
  2298 | D:3      | Reached XP level 4. HP: 27/44 MP: 3/3
  2304 | D:3      | Reached skill level 3 in Unarmed Combat
  2310 | D:3      | Found a glowing silver altar of Zin.
  2310 | D:3      | Found a glowing golden altar of the Shining One.
  2313 | D:3      | Found a white marble altar of Elyvilon.
  2485 | D:3      | Noticed Natasha
  2493 | D:3      | Killed Natasha
  2497 | D:3      | Noticed Natasha
  2510 | D:3      | Killed Natasha
  2511 | D:3      | Reached XP level 5. HP: 40/50 MP: 4/4
  2581 | D:4      | Reached skill level 4 in Unarmed Combat
  2599 | D:4      | Reached XP level 6. HP: 49/59 MP: 5/5
  2811 | D:4      | Reached skill level 1 in Stealth
  2811 | D:4      | Reached skill level 5 in Unarmed Combat
  2811 | D:4      | Reached XP level 7. HP: 62/67 MP: 6/6
  3264 | D:5      | Entered Level 5 of the Dungeon
  3319 | D:5      | Found a runed translucent door.
  3355 | D:5      | Noticed diceflayer's ghost (amateur DsHu)
  3559 | D:5      | Reached skill level 6 in Unarmed Combat
  3559 | D:5      | Reached XP level 8. HP: 63/75 MP: 7/7
  3709 | D:5      | Found a staircase to the Ecumenical Temple.
  4181 | D:6      | Noticed Sigmund
  4189 | D:6      | Killed Sigmund
  4190 | D:6      | Reached skill level 5 in Dodging
  4272 | D:6      | Reached skill level 7 in Unarmed Combat
  4457 | D:6      | Found a runed translucent door.
  4458 | D:6      | Noticed Crazy Yiuf
  4463 | D:6      | Killed Crazy Yiuf
  4519 | D:6      | Noticed septik's ghost (novice MiBe)
  4557 | D:6      | Reached skill level 5 in Shields
  4689 | D:6      | Reached XP level 9. HP: 57/84 MP: 8/8
  4719 | D:6      | Found a transporter.
  4749 | D:6      | Found a transporter.
  4759 | D:6      | Reached skill level 8 in Unarmed Combat
  4783 | D:6      | Slain by septik's ghost

Illustrated notes

Levels and vault maps discovered:
D:1:      dpeg_arrival_tiny_e, layout_rooms, serial_shops, nicolae_diamond_shop
D:2:      minmay_chambers_of_ones, layout_loops_cross, serial_shops,
          nicolae_shop_real_fake_doors, nicolae_shop_statue_plus,
          chequers_serial_rivers_large_b, grunt_ministairs_15
D:3:      layout_rooms, dreamdust_divine_triumvirate, uniq_natasha
D:4:      layout_loops_ring
D:5:      layout_gridville, minmay_temple_entry_proselytizer,
          gammafunk_ghost_grave
D:6:      layout_loops_ring, minmay_overflow_temple_star_quad,
          gammafunk_ghost_smash, uniq_crazy_yiuf_cottage, uniq_sigmund

Skill      XL: |  1  2  3  4  5  6  7  8  9 |
---------------+----------------------------+-----
Shields        | 3 4 5 |  5.2
Dodging        | 3 4 5 |  5.5
Unarmed Combat | 3 4 5 6 7 8 |  8.1
Fighting       | 3 |  3.7
Stealth        | 1 |  1.9

Action                     |  1- 3 |  4- 6 |  7- 9 || total
---------------------------+-------+-------+-------++-------
  Melee: Unarmed           |    92 |    92 |   189 ||   373
         Kick              |    17 |    19 |    35 ||    71
  Throw: Stone             |       |     1 |       ||     1
    Use: Potion            |     4 |       |     3 ||     7
         Scroll            |     3 |     1 |     6 ||    10
   Stab: Sleeping          |       |       |     2 ||     2
 Armour: Robe              |    30 |    23 |    41 ||    94
  Dodge: Dodged            |    37 |    34 |    61 ||   132
  Block: Kite shield       |    34 |    26 |    61 ||   121
